 Dungeon Crawl Stone Soup version 0.29-b1-12-g9e2288ab2a (webtiles) character file.

Game seed: 5636370049439444564

130 DemonSlayer the Firebug (level 4, -2/30 HPs)
             Began as a Demonspawn Fire Elementalist on Aug 23, 2022.
             Slain by Crazy Yiuf
             ... wielding a +2 quarterstaff of chaos
              (15 damage)
             ... on level 2 of the Dungeon.
             The game lasted 00:05:23 (3642 turns).

DemonSlayer the Firebug (DsFE)                      Turns: 3642, Time: 00:05:26

Health: -2/30      AC:  2    Str:  8    XL:     4   Next: 90%
Magic:  7/9        EV: 12    Int: 18    God:
Gold:   95         SH:  3    Dex: 14    Spells: 5/9 levels left

rFire   . . .      SeeInvis .   t - +0 long sword
rCold   . . .      Faith    .   q - +0 buckler
rNeg    . . .      Spirit   .   a - +0 robe
rPois   .          Reflect  .   (no helmet)
rElec   .          Harm     .   (no cloak)
rCorr   .          Rampage  .   (no gloves)
Will    .....                   (no boots)
Stlth   ++........              (no amulet)
HPRegen 0.10/turn               (no ring)
MPRegen 0.11/turn               (no ring)

@: no status effects
A: demonic guardian 1, weakness stinger 1
a: no special abilities


You were on level 2 of the Dungeon.
You visited 1 branch of the dungeon, and saw 2 of its levels.

You collected 95 gold pieces.

Inventory:

Hand Weapons
 t - a +0 long sword (weapon)
Armour
 a - a +0 robe (worn)
 q - a +0 buckler (worn)
Wands
 s - a wand of flame (26)
Scrolls
 c - 5 scrolls of identify {unknown}
 d - 2 scrolls of enchant weapon {unknown}
 e - 2 scrolls of teleportation {unknown}
 f - 2 scrolls of amnesia {unknown}
 l - 2 scrolls of fog {unknown}
 m - a scroll of brand weapon {unknown}
 n - a scroll of immolation {unknown}
 o - a scroll of poison {unknown}
 p - a scroll of silence {unknown}
Potions
 b - 2 potions of magic
 g - a potion of curing {unknown}
 h - a potion of berserk rage {unknown}
 i - a potion of resistance {unknown}
 j - a potion of ambrosia {unknown}
 k - a potion of mutation {unknown}
 r - a potion of brilliance {unknown}
 u - a potion of might {unknown}


   Skills:
 + Level 0.3 Fighting
 + Level 2.1 Dodging
 + Level 2.1 Stealth
 + Level 0.5 Unarmed Combat
 + Level 3.4 Spellcasting
 + Level 1.6 Conjurations
 + Level 3.5 Fire Magic


You had 5 spell levels left.
You knew the following spells:

 Your Spells              Type           Power      Damage    Failure   Level
a - Foxfire               Conj/Fire      48%        2x1d6     8%          1
b - Scorch                Fire           30%        2d7       8%          2
c - Necrotise             Necr           12%        1d4       22%         1

Your spell library contained the following spells:

 Spells                   Type           Power      Damage    Failure   Level
 Apportation              Tloc           6%         N/A       22%         1
 Summon Small Mammal      Summ           12%        N/A       22%         1
 Conjure Flame            Conj/Fire      12%        6-21      22%         3
 Inner Flame              Hex/Fire       9%         N/A       30%         3
 Flame Wave               Conj/Fire      12%        2d6       58%         4


Dungeon Overview and Level Annotations

Branches:
Dungeon (2/15)

Altars:

Shops:
D:1 :[*

Annotations:
D:2 Crazy Yiuf


Innate Abilities, Weirdness & Mutations

A weak demonic guardian rushes to your aid.
You have a small tail.


Message History

You can't see any susceptible monsters within range! (Use Z to cast anyway.) No target in view!
You can't see any susceptible monsters within range! (Use Z to cast anyway.)
u - a glowing clear potion You open the door.
There is an open door here.
There is an open door here.
Things that are here:
a +0 club; 3 stones You see here a +0 club.
Key pressed, stopping explore.
You see here a +0 club.
Things that are here:
a +0 club; 3 stones Crazy Yiuf shouts!
Could not explore, unopened runed door.
Could not explore, unopened runed door.
Could not explore, unopened runed door.
As you open the door, it creaks loudly!
Flames lash Crazy Yiuf.
Crazy Yiuf is heavily wounded.
Crazy Yiuf's fire resistance burns away.
Crazy Yiuf hits you with a +2 quarterstaff of chaos!
Ouch! That really hurt!
A demonic guardian appears!
Crazy Yiuf freezes you.
You are too injured to fight recklessly!
Okay, then.
What are your orders? t - Shout!
Orders for allies: a - Attack new target. r - Retreat! s - Stop attacking. g - Guard the area. f - Follow me.
Anything else - Cancel.
Gang up on whom?
Press: ? - help, Dir - move target, f - Crazy Yiuf
Aim: Crazy Yiuf, wielding a +2 quarterstaff of chaos and wearing a +0 cloak (heavily wounded, more vulnerable to fire, ally target) Attack!
Crazy Yiuf hits you with a +2 quarterstaff of chaos!
Ouch! That really hurt!
You die...

.....# #.#..###....#.
.....# #.#...........
###### #.#####..>####
### #........
#..#...##
♣♣♣♣♣##..#.### ###
♣♣♣.♣...#..#.####
#...#♣..♣..P..........
#...g@♣♣♣♣.P....#)####
#).5#♣♣ ♣♣..#..#)# ###
♣♣##..#.# #..#.#
####.# ###########.#
#...........#
#######.....#
#####.####


You could see Crazy Yiuf (combustible, ally target) and a friendly quasit
(summoned).

Vanquished Creatures
  Natasha (thrice) (D:2)
  An adder (D:2)
  A dart slug (D:2)
  3 ball pythons (D:1)
  6 bats
  4 endoplasms
  A giant cockroach (D:1)
  7 goblins
  3 hobgoblins
  5 kobolds
  2 quokkas
  4 frilled lizards
  3 rats (D:1)
43 creatures vanquished.

Vanquished Creatures (collateral kills)
  A quokka (D:2)
  A frilled lizard (D:2)
2 creatures vanquished.

Vanquished Creatures (others)
  71 foxfires (D:1)
71 creatures vanquished.

Grand Total: 116 creatures vanquished

Notes
Turn   | Place    | Note
-------+----------+-------------------------------------------
     0 | D:1      | DemonSlayer the Demonspawn Fire Elementalist began the
                  | quest for the Orb.
     0 | D:1      | Reached XP level 1. HP: 13/13 MP: 3/3
   377 | D:1      | Found Afymam's Book Emporium.
   386 | D:1      | Gained mutation: A weak demonic guardian rushes to your
                  | aid. [demonic ancestry]
   386 | D:1      | Reached XP level 2. HP: 19/19 MP: 1/5
   610 | D:1      | Learned a level 2 spell: Scorch
  1045 | D:1      | Found Yschouwid's Armour Boutique.
  1186 | D:1      | Found Veponnafy's General Store.
  1712 | D:1      | Learned a level 1 spell: Necrotise
  1748 | D:2      | Noticed Natasha
  1756 | D:2      | Killed Natasha
  1757 | D:2      | Reached XP level 3. HP: 15/24 MP: 1/6
  1838 | D:2      | Noticed Natasha
  1997 | D:2      | Killed Natasha
  1998 | D:2      | Gained mutation: You have a small tail. [demonic ancestry]
  1998 | D:2      | Reached XP level 4. HP: 30/30 MP: 0/7
  2211 | D:2      | Found a faded altar of an unknown god.
  2879 | D:2      | Noticed Natasha
  2886 | D:2      | Killed Natasha
  3223 | D:2      | Found a runed translucent door.
  3224 | D:2      | Noticed Crazy Yiuf
  3642 | D:2      | Slain by Crazy Yiuf

Illustrated notes

Levels and vault maps discovered:
D:1:      dpeg_arrival_round_c, layout_basic, serial_shops,
          nicolae_shop_hallway_plus, shop_statue, shop, hex_medium
D:2:      layout_basic, chequers_ecumenical_altar_simple, uniq_natasha,
          uniq_crazy_yiuf_cottage

Skill      XL: |  1  2  3  4 |
---------------+-------------+-----
Fire Magic     | 3 |  3.5
Dodging        | 2 |  2.1
Stealth        | 2 |  2.1
Spellcasting   | 3 |  3.4
Fighting       | |  0.3
Unarmed Combat | |  0.5
Conjurations   | |  1.6

Action                   |  1- 3 |  4- 6 || total
-------------------------+-------+-------++-------
Melee: Unarmed           |    44 |     1 ||    45
       Tailslap          |       |     3 ||     3
       Long sword        |       |     2 ||     2
 Cast: Foxfire           |    53 |       ||    53
       Scorch            |     7 |    26 ||    33
Armor: Robe              |    12 |     3 ||    15
Dodge: Dodged            |    39 |     9 ||    48
Block: Buckler           |       |     1 ||     1
